[Event "RUS-ch Rapid 2021"]
[Site "Sochi"]
[Date "2021.10.13"]
[Round "6.11"]
[White "Pridorozhni, Aleksei"]
[Black "Bryakin, Mikhail"]
[Result "1-0"]
[ECO "B11"]
[WhiteElo "2564"]
[BlackElo "2498"]
[Annotator "RC"]
[PlyCount "188"]
[EventDate "2021.10.12"]
[EventType "swiss"]
[EventCountry "RUS"]
[SourceTitle "playchess.com"]
[Source "ChessBase"]
[SourceQuality "1"]
[TimeControl "900+10"]

1. e4 c6 2. Nc3 d5 3. Nf3 Bg4 4. h3 Bxf3 5. Qxf3 e6 6. a3 d4 7. Nb1 Qa5 8. g3 h5 9. h4 Nd7 10. b4 Qb6 11. Bb2 a5 12. c3 Ne5 13.
Qd1 d3 14. Bg2 a4 15. c4 Nxc4 16. Qc1 Nxb2 17. Qxb2 Nf6 18. Qa2 Ng4 19. Rf1 Bd6 20. Nc3 Qd4 21. Nd1 O-O-O 22. Rc1 Kb8 23. Rc4 Qa7 24. Qb1 Qa6 25. Rc3 Be5 26. Rc5 Bd4 27. Rc1 f5 28. Qa2 Rhe8 29. Qc4 Qb6 30.
Rb1 Ne5 31. Qa2 f4 32. gxf4 Ng6 33. Ne3 Nxf4 34. Bf3 Qc7 35. b5 cxb5 36. Rxb5 Qc1+ 37. Nd1 Rc8 38. Qb1 Qxb1 39. Rxb1 Rc5 40. Rb4 Bf6 41. Rxa4 Bxh4 42. Rh1 Bf6 43. Rb4 e5 44. Bxh5 Rh8 45. Bf3 Rxh1+ 46. Bxh1 Rc2 47. Rb3 Be7 48. a4 Bc5 49. Bf3 Bd4 50. Rb1 Ra2 51. Ne3 Rxa4 52. Nd5 g5 53. Nxf4 gxf4 54. Bg4 Kc7 55. Bd1 Ra5 56. Rb3 b5 57. Rxd3 Kb6 58. f3 Kc5 59. Bb3 Ra1+ 60. Ke2 Rg1 61. Bd5 Kb4 62. Rb3+ Ka4 63. Rd3 Rb1 64. Bc6 Ka5 65. Bd5 Kb4 66. Be6 Ra1 67. Bd5 Kc5 68. Rb3 b4 69. Rd3 Kd6 70. Rb3 Kc5 71. Rd3 Ra7 72. Kd1 Ra1+ 73. Kc2 Rf1 74. Be6 Rg1 75. Bf7 Rg7 76. Be6 Kb5 77. Bb3 Rc7+ 78. Kb1 Ra7 79. Kc2 Ra3 80. Be6 Ra1 81. Bb3 Kc5 82. Be6 Ra6 83. Bb3 Rh6 84. Bd5 Rh3 85. Be6 Rg3 86. Bd5 Rg2 87. Be6 Rf2 88. Bd5 Rf1 89. Be6 Kd6 90. Bd5 Ke7 91. Bc4 Ra1 92. Rb3 Bc5 93. Rb1 Ra3 94. Bb3 Bd4 1-0

[Event "RUS-ch Rapid 2021"]
[Site "Sochi"]
[Date "2021.10.13"]
[Round "6.12"]
[White "Zubritskiy, Artyom"]
[Black "Triapishko, Alexandr"]
[Result "0-1"]
[ECO "A23"]
[WhiteElo "2442"]
[BlackElo "2506"]
[Annotator "ChessBase"]
[PlyCount "56"]
[EventDate "2021.10.12"]
[EventType "swiss"]
[EventCountry "RUS"]
[SourceTitle "playchess.com"]
[Source "ChessBase"]
[SourceQuality "1"]
[TimeControl "900+10"]

1. c4 e5 2. g3 Nf6 3. Bg2 Bc5 4. Nc3 c6 5. e3 O-O 6. Nge2 d5 7. cxd5 Nxd5 8.
O-O Nxc3 9. Nxc3 Bf5 10. Ne4 Na6 11. Qe2 Qd7 12. f4 exf4 13.
Rxf4 Bg6 14. b4 Bxb4 15. Bb2 Rad8 16. Raf1 Bd6 17. Nxd6 Qxd6 18. Bd4 Nc7 19. Bh3 c5 20. Ba1 Qxd2 21. Qc4 Qxe3+ 22. Kh1 Nd5 23. Rh4 Qd3 24. Qc1 Ne3 25. Re1 Nc2 26. Bf1 Qd5+ 27. Bg2 Qxa2 28. Bxg7 Nxe1 0-1

[Event "RUS-ch Rapid 2021"]
[Site "Sochi"]
[Date "2021.10.13"]
[Round "6.13"]
[White "Rozum, Ivan"]
[Black "Gitelson, Arkady"]
[Result "1-0"]
[ECO "E62"]
[WhiteElo "2529"]
[BlackElo "2188"]
[Annotator "RC"]
[PlyCount "99"]
[EventDate "2021.10.12"]
[EventType "swiss"]
[EventCountry "RUS"]
[SourceTitle "playchess.com"]
[Source "ChessBase"]
[SourceQuality "1"]
[TimeControl "900+10"]

1. Nf3 Nf6 2. g3 g6 3. Bg2 Bg7 4. d4 O-O 5. c4 d6 6. O-O c6 7. Nc3 Bf5 8. Re1 Ne4 9. Qb3 Nxc3 10. bxc3 Qc7 11. e4 Be6 12. Ng5 Bd7 13.
e5 dxe5 14. Ba3 h6 15. Nf3 exd4 16. cxd4 Re8 17. Rab1 Bc8 18. d5 c5 19. Rbd1 Bd7 20. Rxe7 Qb6 21. Rxe8+ Bxe8 22. Bxc5 Qa6 23. Rb1 b6 24. Bd4 Ba4 25. Qc3 Bxd4 26. Nxd4 Nd7 27. Nc6 Re8 28. h4 h5 29. Re1 Rxe1+ 30. Qxe1 Qxc4 31. Qe7 Qg4 32. Kh2 Nf8 33. Ne5 Qf5 34. f4 Kg7 35. Qxa7 b5 36. Qe7 Qf6 37. d6 b4 38. Bd5 Qf5 39. Qxf7+ Qxf7 40. Bxf7 Nd7 41. Bb3 Bb5 42. Kg1 Kf6 43. Nxd7+ Bxd7 44. Kf2 Kf5 45. Bd5 Bb5 46. Ke3 Bd7 47. Be4+ Kf6 48. Kd4 Be8 49. Kc5 Bf7 50. Kb6 1-0

[Event "RUS-ch Rapid 2021"]
[Site "Sochi"]
[Date "2021.10.13"]
[Round "6.14"]
[White "Dreev, Aleksey"]
[Black "Lobanov, Sergei"]
[Result "1-0"]
[ECO "E32"]
[WhiteElo "2635"]
[BlackElo "2501"]
[Annotator "RC"]
[PlyCount "41"]
[EventDate "2021.10.12"]
[EventType "swiss"]
[EventCountry "RUS"]
[SourceTitle "playchess.com"]
[Source "ChessBase"]
[SourceQuality "1"]
[TimeControl "900+10"]

1. d4 Nf6 2. c4 e6 3. Nc3 Bb4 4. Qc2 O-O 5. a3 Bxc3+ 6. Qxc3 b6 7. Bg5 Bb7 8. e3 d6 9. Nf3 Nbd7 10. Nd2 c5 11. dxc5 bxc5 12. Bd3 h6 13.
Bh4 Bxg2 14. Rg1 Bb7 15. O-O-O Kh8 16. Ne4 Qe7 17. Nxf6 gxf6 18. Bc2 Rg8 19. Qd3 Nf8 20. Qxd6 Qxd6 21. Bxf6+ 1-0

[Event "RUS-ch Rapid 2021"]
[Site "Sochi"]
[Date "2021.10.13"]
[Round "6.15"]
[White "Kobalia, Mikhail"]
[Black "Obgolts, Erik"]
[Result "1-0"]
[ECO "B10"]
[WhiteElo "2600"]
[BlackElo "2430"]
[Annotator "RC"]
[PlyCount "85"]
[EventDate "2021.10.12"]
[EventType "swiss"]
[EventCountry "RUS"]
[SourceTitle "playchess.com"]
[Source "ChessBase"]
[SourceQuality "1"]
[TimeControl "900+10"]

1. e4 c6 2. Nf3 d5 3. d3 Bg4 4. h3 Bh5 5. g4 Bg6 6. Qe2 e6 7. h4 h5 8. g5 Nd7 9. Nc3 Bb4 10. Bd2 Ne7 11. Bg2 Qc7 12. Nh2 Bd6 13. Nf1 O-O-O 14. Qe3 Bc5 15. Qg3 dxe4 16. Qxc7+ Kxc7 17. dxe4 e5 18.
Ng3 Nf8 19. Rf1 Ne6 20. Nce2 f5 21. gxf6 gxf6 22. O-O-O Bd6 23. Bh3 Nf4 24. Nxf4 exf4 25. Ne2 f3 26. Nd4 Kb8 27. Ne6 Rde8 28. Bc3 Be5 29. Bxe5+ fxe5 30. Rd7 Bxe4 31. Ng7 Ng6 32. Nxe8 Rxe8 33. Re1 Bd5 34. Rg7 Nxh4 35. Bd7 Rh8 36. Rxe5 Ng2 37. Ree7 Nf4 38. Bf5 c5 39. Be4 Bxe4 40. Rxe4 Ne2+ 41. Kb1 Rd8 42. c3 c4 43. Ree7 1-0

[Event "RUS-ch Rapid 2021"]
[Site "Sochi"]
[Date "2021.10.13"]
[Round "6.16"]
[White "Faizrakhmanov, Ramil"]
[Black "Kokarev, Dmitry"]
[Result "1/2-1/2"]
[ECO "E90"]
[WhiteElo "2483"]
[BlackElo "2579"]
[Annotator "RC"]
[PlyCount "51"]
[EventDate "2021.10.12"]
[EventType "swiss"]
[EventCountry "RUS"]
[SourceTitle "playchess.com"]
[Source "ChessBase"]
[SourceQuality "1"]
[TimeControl "900+10"]

1. d4 Nf6 2. c4 g6 3. Nc3 Bg7 4. e4 d6 5. h3 O-O 6. Be3 c5 7. d5 e6 8. Bd3 exd5 9. exd5 Na6 10. Nf3 Nb4 11. Be2 Bf5 12. Rc1 Re8 13. a3 Na6 14. Bd3 Ne4 15.
Nxe4 Bxe4 16. Bxe4 Rxe4 17. Qc2 Re8 18. O-O Qd7 19. Bf4 b5 20.
cxb5 Nc7 21. a4 a6 22. bxa6 Nxd5 23. Bh2 Rxa6 24. Rfd1 Nb4 25. Qxc5 dxc5 26. Rxd7 1/2-1/2

[Event "RUS-ch Rapid 2021"]
[Site "Sochi"]
[Date "2021.10.13"]
[Round "6.17"]
[White "Afanasiev, Nikita"]
[Black "Nazaretyan, Tigran"]
[Result "1-0"]
[ECO "B62"]
[WhiteElo "2560"]
[BlackElo "2316"]
[Annotator "RC"]
[PlyCount "83"]
[EventDate "2021.10.12"]
[EventType "swiss"]
[EventCountry "RUS"]
[SourceTitle "playchess.com"]
[Source "ChessBase"]
[SourceQuality "1"]
[TimeControl "900+10"]

1. e4 c5 2. Nf3 Nc6 3. d4 cxd4 4. Nxd4 Nf6 5. Nc3 d6 6. Bg5 e6 7. Qd3 a6 8. O-O-O Bd7 9. f4 h6 10. Bh4 g5 11. fxg5 Ng4 12. Nf3 Be7 13.
Be2 hxg5 14. Bg3 Qb6 15. Kb1 Nf2 16. Bxf2 Qxf2 17. e5 d5 18. Ne4 Qxg2 19. Rhg1 Qh3 20. Nexg5 Qh6 21. Rdf1 Rf8 22. Qh7 Qxh7 23. Nxh7 Rh8 24. Nf6+ Bxf6 25. exf6 O-O-O 26. Rg7 Rdf8 27. h4 Rh6 28. Ng5 Be8 29. h5 Ne5 30. b3 Nd7 31. Kb2 Rxf6 32. Rxf6 Nxf6 33. h6 Kd8 34. Bd3 Ke7 35. Bg6 Kd6 36. Bxf7 Rh8 37. Bxe8 Rxe8 38. h7 Nxh7 39. Rxh7 b5 40. Ra7 Kc5 41. Rxa6 e5 42. Ne6+ 1-0

[Event "RUS-ch Rapid 2021"]
[Site "Sochi"]
[Date "2021.10.13"]
[Round "6.18"]
[White "Khanin, Semen"]
[Black "Gochelashvili, David"]
[Result "1-0"]
[ECO "B27"]
[WhiteElo "2521"]
[BlackElo "2400"]
[Annotator "RC"]
[PlyCount "75"]
[EventDate "2021.10.12"]
[EventType "swiss"]
[EventCountry "RUS"]
[SourceTitle "playchess.com"]
[Source "ChessBase"]
[SourceQuality "1"]
[TimeControl "900+10"]

1. e4 c5 2. Nf3 g6 3. d4 cxd4 4. Qxd4 Nf6 5. Nc3 Nc6 6. Qa4 d6 7. e5 dxe5 8. Nxe5 Bd7 9. Nxd7 Nxd7 10. Be3 Bg7 11. Rd1 a6 12. Be2 Qa5 13.
Qxa5 Nxa5 14. Nd5 Rc8 15. Nb6 Rc7 16. c3 e6 17. O-O Ne5 18.
Bd4 O-O 19. Bxe5 Bxe5 20. Nd7 Bg7 21. Nxf8 Kxf8 22. Rd8+ Ke7 23. Rfd1 Nc6 24. Ra8 f5 25. Bf3 Ne5 26. Rdd8 Nc4 27. Rac8 Rxc8 28. Rxc8 Nxb2 29. Rc7+ Kf8 30. Bxb7 Nd1 31.
Bxa6 Nxc3 32. Bc4 Bd4 33. Bxe6 Ne4 34. Rc2 Ke7 35. Bg8 h5 36. a4 Bb6 37. Bh7 Kf7 38. Bxg6+ 1-0

[Event "RUS-ch Rapid 2021"]
[Site "Sochi"]
[Date "2021.10.13"]
[Round "6.19"]
[White "Nozdrachev, Vladislav"]
[Black "Klukin, Kirill"]
[Result "1-0"]
[ECO "B31"]
[WhiteElo "2495"]
[BlackElo "2346"]
[Annotator "RC"]
[PlyCount "98"]
[EventDate "2021.10.12"]
[EventType "swiss"]
[EventCountry "RUS"]
[SourceTitle "playchess.com"]
[Source "ChessBase"]
[SourceQuality "1"]
[TimeControl "900+10"]

1. e4 c5 2. Nf3 Nc6 3. Bb5 g6 4. O-O Bg7 5. Re1 Nf6 6. e5 Nd5 7. Nc3 Nc7 8. Bxc6 dxc6 9. Ne4 b6 10. Nf6+ Kf8 11. Ne4 Bg4 12. h3 Bxf3 13. Qxf3 Ne6 14. d3 Qd5 15. Ng5 Nxg5 16. Bxg5 Qxf3 17. gxf3 h6 18. Bd2 Rd8 19. a4 a5 20. Ra3 Ra8 21. Rb3 Ra6 22. Be3 Ke8 23.
d4 cxd4 24. Bxd4 c5 25. Bc3 e6 26. Rd1 Bf8 27. Bd2 Be7 28.
Be3 g5 29. Kg2 Rf8 30. f4 f6 31. exf6 Rxf6 32. fxg5 hxg5 33. Bxg5 Rf5 34. Bxe7 Kxe7 35. h4 Rf4 36. h5 Rxa4 37. Rh1 Rb4 38. h6 Rxb3 39. h7 Ra8 40. cxb3 Rh8 41. Kf3 Kd6 42. Kf4 b5 43. Kg5 c4 44. bxc4 bxc4 45. Kg6 Ke5 46. Kg7 Rb8 47. h8=Q Rxh8 48. Rxh8 Ke4 49. Rh3 Kd5 1-0

[Event "RUS-ch Rapid 2021"]
[Site "Sochi"]
[Date "2021.10.13"]
[Round "6.20"]
[White "Gutenev, Alexander"]
[Black "Trushnikov, Sergey"]
[Result "1-0"]
[ECO "B06"]
[WhiteElo "2455"]
[BlackElo "2525"]
[Annotator "RC"]
[PlyCount "165"]
[EventDate "2021.10.12"]
[EventType "swiss"]
[EventCountry "RUS"]
[SourceTitle "playchess.com"]
[Source "ChessBase"]
[SourceQuality "1"]
[TimeControl "900+10"]

1. e4 g6 2. d4 Bg7 3. Nf3 d6 4. Be2 Nc6 5. O-O e5 6. dxe5 dxe5 7. Nc3 Qxd1 8.
Rxd1 Bg4 9. Nd5 O-O-O 10. c3 Nce7 11. Nxe7+ Nxe7 12. h3 Rxd1+ 13. Bxd1 Bxf3 14. Bxf3 h5 15. Be3 Bh6 16. Bc5 Nc6 17. Be2 Bf8 18. Be3 Bh6 19. Bxh6 Rxh6 20. Bc4 Nd8 21. Rd1 Rh8 22. Kf1 Re8 23. Rd3 Re7 24. Ke2 Ne6 25. Rf3 Nd8 26. h4 Kd7 27. a4 Ke8 28.
g3 Rd7 29. a5 Ke7 30. b4 Rd6 31. Bd5 c6 32. Bc4 Ne6 33. Re3 Rd8 34. Ke1 Rd7 35. Re2 Rd8 36. Rb2 a6 37. Ke2 Nc7 38. Rd2 Rxd2+ 39. Kxd2 Ne8 40. Ke3 Nd6 41. Be2 Nb5 42. Kd3 Kf6 43. Bd1 Ke7 44. f4 f6 45. fxe5 fxe5 46. g4 hxg4 47. Bxg4 Nd6 48. c4 Ne8 49. c5 Kd8 50. Ke3 Nf6 51. Be6 Nh5 52. Kf3 Nf4 53. Bc4 Ke7 54. Bf1 Ke6 55. Kg3 Kf6 56. Kg4 Ne6 57. Bh3 Nf4 58. Kg3 Nd3 59. Bc8 Nxb4 60. Bxb7 Ke7 61. Kg4 Kf6 62. Kf3 Ke7 63. Kg4 Kf6 64. Bc8 Kf7 65. Kg5 Nd3 66. Bxa6 Nxc5 67. Bc4+ Kg7 68. a6 Nxe4+ 69. Kg4 Nf6+ 70. Kf3 Nd7 71. a7 Nb6 72. Bd3 Kf6 73. Be4 c5 74. Kg4 c4 75. Kf3 g5 76. h5 Kg7 77. Ke3 g4 78. Kd2 Kh6 79. Kc3 g3 80.
Kb4 c3 81. Kxc3 Kxh5 82. Kb4 Kg4 83. Kb5 1-0

[Event "RUS-ch Rapid 2021"]
[Site "Sochi"]
[Date "2021.10.13"]
[Round "6.21"]
[White "Ivanov, Alexander Al."]
[Black "Savchenko, Boris"]
[Result "0-1"]
[ECO "B06"]
[WhiteElo "2400"]
[BlackElo "2535"]
[Annotator "RC"]
[PlyCount "96"]
[EventDate "2021.10.12"]
[EventType "swiss"]
[EventCountry "RUS"]
[SourceTitle "playchess.com"]
[Source "ChessBase"]
[SourceQuality "1"]
[TimeControl "900+10"]

1. e4 g6 2. f4 d5 3. exd5 Qxd5 4. Nc3 Qd6 5. d3 Bg7 6. Nf3 Nh6 7. Ne4 Qd5 8. c3 b6 9. Qb3 Bb7 10. Qxd5 Bxd5 11. Be2 c5 12. O-O Nc6 13. Nf2 O-O-O 14. Ng5 f6 15. Nge4 Nf7 16. Be3 f5 17. Nd2 e5 18. Bf3 g5 19. Bxd5 Rxd5 20. g3 gxf4 21. gxf4 Bh6 22. Nf3 exf4 23. Bd2 Nfe5 24. Nxe5 Nxe5 25. Rad1 Nf3+ 26. Kh1 Nxd2 27. Rxd2 f3 28. Rdd1 Rhd8 29. Rfe1 Kd7 30. c4 Rd4 31. Re5 Rf8 32. Rde1 Rf7 33. Rd5+ Rxd5 34. cxd5 Re7 35. Rxe7+ Kxe7 36. Nd1 Kd6 37. Kg1 Kxd5 38. Kf2 Kd4 39. Nc3 Kxd3 40. Nb5 a5 41. b3 c4 42. bxc4 Bf4 43. h3 Kxc4 44. Na7 b5 45. Kxf3 Bc7 46. Nc6 b4 47. Ne7 f4 48. h4 a4 0-1

[Event "RUS-ch Rapid 2021"]
[Site "Sochi"]
[Date "2021.10.13"]
[Round "6.22"]
[White "Potapov, Pavel"]
[Black "Zakaryan, David"]
[Result "1/2-1/2"]
[ECO "C47"]
[WhiteElo "2481"]
[BlackElo "2283"]
[Annotator "RC"]
[PlyCount "79"]
[EventDate "2021.10.12"]
[EventType "swiss"]
[EventCountry "RUS"]
[SourceTitle "playchess.com"]
[Source "ChessBase"]
[SourceQuality "1"]
[TimeControl "900+10"]

1. e4 e5 2. Nf3 Nc6 3. Nc3 Nf6 4. d4 exd4 5. Nxd4 Bb4 6.
Nxc6 bxc6 7. Bd3 d5 8. exd5 O-O 9. O-O Bg4 10. Be2 Bxe2 11.
Nxe2 cxd5 12. Bg5 h6 13. Bxf6 Qxf6 14. c3 Bd6 15. Qxd5 Rab8 16. Rab1 Rfe8 17. Ng3 Rbd8 18. Qc4 Qf4 19. Qxf4 Bxf4 20. Rfd1 Bxg3 21. hxg3 Rxd1+ 22. Rxd1 Re2 23. Rd8+ Kh7 24. b4 Rxa2 25. Rc8 a5 26. Rxc7 axb4 27. cxb4 Rb2 28. Rb7 Rb1+ 29. Kh2 f5 30. b5 Kg6 31. Rb8 Kg5 32. b6 Kg6 33. Rb7 Kf6 34. f3 Kg6 35. Rb8 Kf6 36.
Rb7 Kg6 37. g4 fxg4 38. fxg4 Rb3 39. Kg1 Rb2 40. Kh2 1/2-1/2

[Event "RUS-ch Rapid 2021"]
[Site "Sochi"]
[Date "2021.10.13"]
[Round "6.23"]
[White "Nesterov, Arseniy"]
[Black "Gogolev, Artem"]
[Result "1-0"]
[ECO "E20"]
[WhiteElo "2514"]
[BlackElo "2296"]
[Annotator "RC"]
[PlyCount "143"]
[EventDate "2021.10.12"]
[EventType "swiss"]
[EventCountry "RUS"]
[SourceTitle "playchess.com"]
[Source "ChessBase"]
[SourceQuality "1"]
[TimeControl "900+10"]

1. d4 Nf6 2. c4 e6 3. Nc3 Bb4 4. f3 d5 5. a3 Be7 6. e4 dxe4 7. fxe4 c5 8. d5 exd5 9. exd5 O-O 10. Be2 Bd6 11. Nf3 Bg4 12. O-O Nbd7 13. Bg5 Re8 14. Qd2 a6 15. Rae1 Qc7 16. h3 Bxf3 17. Rxf3 Ne4 18. Nxe4 Rxe4 19. Ref1 Ne5 20. R3f2 Re8 21. Qc2 Ng6 22. Bd3 Re1 23. Bd2 Rxf1+ 24. Rxf1 Qd8 25. Bxg6 hxg6 26. Bf4 Qf6 27. Bxd6 Qxd6 28. Qf2 f6 29. Re1 Rxe1+ 30. Qxe1 Kf7 31. Qe3 b6 32. h4 Qd7 33. Qf4 Qa4 34. Kh2 Qd1 35. Qe4 Kf8 36. b4 Qd2 37. bxc5 bxc5 38. Qg4 f5 39. Qxg6 Qf4+ 40. Kh3 Qe3+ 41. Qg3 Qe4 42. Qf3 Qxc4 43. Qxf5+ Ke7 44. Qe5+ Kf7 45. Qc7+ Kf8 46. Qd8+ Kf7 47. Qd7+ Kf8 48. d6 Qd3+ 49. Kh2 Qe4 50. Qd8+ Kf7 51. Qg5 Qe6 52. Qxc5 Qg4 53. Qd5+ Ke8 54. Qc6+ Kf7 55. Qf3+ Qxf3 56. gxf3 Ke6 57. Kg3 Kxd6 58. Kf4 a5 59. Kg5 Ke7 60. Kg6 Kf8 61. a4 Kg8 62. h5 Kf8 63. h6 Kg8 64. f4 gxh6 65.
Kxh6 Kf7 66. Kg5 Kg7 67. Kf5 Kf7 68. Ke5 Ke7 69. Kd5 Kf6 70.
Kc5 Kf5 71. Kb5 Kxf4 72. Kxa5 1-0

[Event "RUS-ch Rapid 2021"]
[Site "Sochi"]
[Date "2021.10.13"]
[Round "6.24"]
[White "Zakhartsov, Vladimir"]
[Black "Gavrilov, Maxim"]
[Result "1-0"]
[ECO "B20"]
[WhiteElo "2514"]
[BlackElo "2070"]
[Annotator "RC"]
[PlyCount "95"]
[EventDate "2021.10.12"]
[EventType "swiss"]
[EventCountry "RUS"]
[SourceTitle "playchess.com"]
[Source "ChessBase"]
[SourceQuality "1"]
[TimeControl "900+10"]

1. e4 c5 2. Ne2 d6 3. g3 Nc6 4. Bg2 g6 5. c3 Bg7 6. h3 e5 7. d3 Nge7 8. a3 O-O 9. b4 a6 10. Be3 cxb4 11. axb4 Be6 12. O-O d5 13. Na3 d4 14. cxd4 exd4 15.
Bd2 Qd7 16. Nf4 b5 17. Nxe6 fxe6 18. Qb3 Kh8 19. f4 e5 20. Rf2 exf4 21. gxf4 Rac8 22. Nc2 Qa7 23. Qa2 Nb8 24. Raf1 Qc7 25. Ne1 Qd7 26. Nf3 Nec6 27. Ng5 Rce8 28. e5 Qe7 29. Qb3 h6 30. Ne4 Qh4 31. Nd6 Re7 32.
Qd1 Qg3 33. Be1 Qh4 34. Rc2 Qh5 35. Qxh5 gxh5 36. Rxc6 Nxc6 37. Bxc6 Rc7 38. Be4 Rc1 39. Nf5 Rfc8 40. Nxg7 Kxg7 41. Bh4 Rxf1+ 42. Kxf1 Kf7 43. f5 a5 44. e6+ Kf8 45. e7+ Ke8 46. f6 a4 47. Bg6+ Kd7 48. f7 1-0

[Event "RUS-ch Rapid 2021"]
[Site "Sochi"]
[Date "2021.10.13"]
[Round "7.2"]
[White "Iljiushenok, Ilia"]
[Black "Sarana, Alexey"]
[Result "1-0"]
[ECO "C25"]
[WhiteElo "2554"]
[BlackElo "2649"]
[Annotator "RC"]
[PlyCount "89"]
[EventDate "2021.10.12"]
[EventType "swiss"]
[EventCountry "RUS"]
[SourceTitle "playchess.com"]
[Source "ChessBase"]
[SourceQuality "1"]
[TimeControl "900+10"]

1. e4 e5 2. Nc3 Nc6 3. Bc4 Bc5 4. Qg4 g6 5. Qf3 Nf6 6.
Nge2 d6 7. d3 Bg4 8. Qg3 Qd7 9. Qh4 Ng8 10. h3 Be6 11. Nd5 Nce7 12. Nec3 O-O-O 13. Bg5 Bxd5 14. Nxd5 Nxd5 15. Bxd5 f6 16. Bd2 Ne7 17. Bb3 h5 18. O-O-O g5 19. Qg3 Rdf8 20. h4 Ng6 21. hxg5 h4 22. Qh3 Qxh3 23. Rxh3 Bxf2 24. Rf3 fxg5 25. Be6+ Kb8 26. Bf5 Bb6 27. Bxg6 Rxf3 28. gxf3 h3 29. Rh1 h2 30. Kd1 Bg1 31. Bf5 d5 32. exd5 Rf8 33. Bg4 Rd8 34. Ke2 Rxd5 35. Be3 Ra5 36. a3 Rb5 37. b3 Ra5 38. a4 b5 39. Bxg1 hxg1=Q 40. Rxg1 bxa4 41.
bxa4 Rxa4 42. Be6 Ra6 43. Bf5 Rh6 44. Rxg5 Rh2+ 45. Kd1 1-0

[Event "RUS-ch Rapid 2021"]
[Site "Sochi"]
[Date "2021.10.13"]
[Round "7.3"]
[White "Bocharov, Dmitry"]
[Black "Riazantsev, Alexander"]
[Result "0-1"]
[ECO "A13"]
[WhiteElo "2517"]
[BlackElo "2634"]
[Annotator "RC"]
[PlyCount "54"]
[EventDate "2021.10.12"]
[EventType "swiss"]
[EventCountry "RUS"]
[SourceTitle "playchess.com"]
[Source "ChessBase"]
[SourceQuality "1"]
[TimeControl "900+10"]

1. c4 e6 2. Nf3 d5 3. e3 Nf6 4. b3 Bd6 5. Bb2 O-O 6. Nc3 Re8 7. Be2 b6 8. Qc2 c5 9. cxd5 exd5 10. d4 Bb7 11. O-O Nbd7 12. Rfd1 Rc8 13. Qf5 Qe7 14. Rac1 a6 15. dxc5 bxc5 16. Nxd5 Nxd5 17. Rxd5 Bxd5 18. Qxd5 Ne5 19. Bxe5 Bxe5 20. Bxa6 Bb2 21. Rb1 Ra8 22. Qc4 Qa7 23. Bb5 Qxa2 24. Qc2 Reb8 25. Ba4 c4 26. Rxb2 cxb3 27. Bxb3 Qxb3 0-1

[Event "RUS-ch Rapid 2021"]
[Site "Sochi"]
[Date "2021.10.13"]
[Round "7.4"]
[White "Triapishko, Alexandr"]
[Black "Sjugirov, Sanan"]
[Result "0-1"]
[ECO "A07"]
[WhiteElo "2506"]
[BlackElo "2663"]
[Annotator "RC"]
[PlyCount "106"]
[EventDate "2021.10.12"]
[EventType "swiss"]
[EventCountry "RUS"]
[SourceTitle "playchess.com"]
[Source "ChessBase"]
[SourceQuality "1"]
[TimeControl "900+10"]

1. Nf3 Nf6 2. g3 d5 3. Bg2 e6 4. O-O Be7 5. d3 O-O 6. Bf4 Bd6 7. Bxd6 cxd6 8. c4 Nc6 9. cxd5 Nxd5 10. Nbd2 Bd7 11. Rc1 Qe7 12. a3 Rfc8 13. Ne4 h6 14. Nc3 Nf6 15. e4 e5 16. h3 Nh7 17. Qd2 Ng5 18.
Nxg5 hxg5 19. Ne2 Qf6 20. Qe3 Be6 21. b4 b6 22. f4 gxf4 23.
gxf4 Qh6 24. Rc3 Ne7 25. Qg3 Rxc3 26. Nxc3 Rc8 27. Ne2 Rc2 28. Rf2 f6 29. h4 Bf7 30. Bf3 Rd2 31. Bg4 Ng6 32. fxe5 Nxe5 33. Nf4 Rxf2 34. Kxf2 Qxf4+ 35. Qxf4 Nxd3+ 36. Ke3 Nxf4 37. Kxf4 Kh7 38. Ke3 Kh6 39. Kd4 Bh5 40. Bd7 Bf3 41. Be8 g6 42. Ke3 Bg4 43. Kf4 Be6 44. Ke3 Kg7 45. Kf4 Bc8 46. Ke3 g5 47. hxg5 fxg5 48. Kd4 Kf6 49. Kd5 Ke7 50. Bh5 g4 51. e5 Bb7+ 52. Kd4 dxe5+ 53. Kxe5 g3 0-1

[Event "RUS-ch Rapid 2021"]
[Site "Sochi"]
[Date "2021.10.13"]
[Round "7.5"]
[White "Timofeev, Artyom"]
[Black "Alekseev, Evgeny"]
[Result "1/2-1/2"]
[WhiteElo "2586"]
[BlackElo "2602"]
[Annotator "RC"]
[PlyCount "20"]
[EventDate "2021.10.12"]
[EventType "swiss"]
[EventCountry "RUS"]
[SourceTitle "playchess.com"]
[Source "ChessBase"]
[SourceQuality "1"]
[TimeControl "900+10"]

1. c4 c5 2. Nc3 g6 3. g3 Bg7 4. Bg2 Nc6 5. Nf3 d6 6. O-O e6 7. e3 Nge7 8. d4 O-O 9. Re1 cxd4 10. Bf1 Nb8 1/2-1/2

[Event "RUS-ch Rapid 2021"]
[Site "Sochi"]
[Date "2021.10.13"]
[Round "7.6"]
[White "Moiseenko, Vadim"]
[Black "Bologan, Victor"]
[Result "1/2-1/2"]
[ECO "C28"]
[WhiteElo "2542"]
[BlackElo "2574"]
[Annotator "RC"]
[PlyCount "122"]
[EventDate "2021.10.12"]
[EventType "swiss"]
[EventCountry "RUS"]
[SourceTitle "playchess.com"]
[Source "ChessBase"]
[SourceQuality "1"]
[TimeControl "900+10"]

1. e4 e5 2. Bc4 Nf6 3. d3 Nc6 4. Nc3 Na5 5. Bb3 Bb4 6. Bg5 h6 7. Bh4 Nxb3 8. axb3 d6 9. Nge2 Be6 10. f4 g5 11. fxg5 Nh5 12. Qc1 Rg8 13.
Bf2 hxg5 14. g3 d5 15. exd5 Bxd5 16. Rf1 Nf6 17. Bg1 a5 18. Rf5 Nd7 19. Be3 g4 20. Bg5 f6 21. Bd2 Be6 22. Rh5 Qe7 23. Nb5 Nb6 24. Bxb4 Qxb4+ 25. Nec3 O-O-O 26. Qe3 Bd7 27. Na3 Rh8 28.
Rxh8 Rxh8 29. Qd2 a4 30. Nc4 Nxc4 31. dxc4 Bc6 32. Qf2 Kb8 33. Qxf6 Rf8 34. Qg7 axb3 35. cxb3 Bf3 36. Kd2 Rd8+ 37. Kc2 Qd6 38. Kb1 e4 39. Ra5 e3 40. Re5 e2 41. Ka2 Qa6+ 42. Na4 Bc6 43.
Qf6 Rc8 44. Rxe2 Qa5 45. Qe5 Qa8 46. Ka3 b6 47. Rf2 Qa6 48.
Kb4 Kb7 49. Rf7 Kb8 50. Rg7 Qb7 51. Rxg4 Bxa4 52. bxa4 Qf3 53. Rf4 Qg2 54. a5 Qd2+ 55. Ka3 Rd8 56. Rf3 Qd1 57. Re3 Qa1+ 58. Kb3 Qd1+ 59. Kb4 Kb7 60. axb6 Qd2+ 61. Qc3 c5+ 1/2-1/2

[Event "RUS-ch Rapid 2021"]
[Site "Sochi"]
[Date "2021.10.13"]
[Round "7.7"]
[White "Lysyj, Igor"]
[Black "Rozum, Ivan"]
[Result "1-0"]
[ECO "D36"]
[WhiteElo "2603"]
[BlackElo "2529"]
[Annotator "RC"]
[PlyCount "55"]
[EventDate "2021.10.12"]
[EventType "swiss"]
[EventCountry "RUS"]
[SourceTitle "playchess.com"]
[Source "ChessBase"]
[SourceQuality "1"]
[TimeControl "900+10"]

1. d4 Nf6 2. c4 e6 3. Nf3 Bb4+ 4. Bd2 Bxd2+ 5. Qxd2 O-O 6. Nc3 d5 7. e3 Qe7 8. cxd5 exd5 9. Bd3 c6 10. O-O Nbd7 11. Qc2 Re8 12. Rae1 Ne4 13. Nd2 Ndf6 14. Nb3 Bf5 15. f3 Nxc3 16. bxc3 Bg6 17. Bxg6 hxg6 18. e4 dxe4 19. fxe4 Nd7 20. e5 c5 21. e6 fxe6 22. Qxg6 cxd4 23. Nxd4 Nf8 24. Qh5 Rac8 25. Nf5 Qc5+ 26. Kh1 Red8 27. Re5 g6 28. Rxc5 1-0

[Event "RUS-ch Rapid 2021"]
[Site "Sochi"]
[Date "2021.10.13"]
[Round "7.8"]
[White "Savchenko, Boris"]
[Black "Dreev, Aleksey"]
[Result "1/2-1/2"]
[ECO "B29"]
[WhiteElo "2535"]
[BlackElo "2635"]
[Annotator "RC"]
[PlyCount "52"]
[EventDate "2021.10.12"]
[EventType "swiss"]
[EventCountry "RUS"]
[SourceTitle "playchess.com"]
[Source "ChessBase"]
[SourceQuality "1"]
[TimeControl "900+10"]

1. e4 c5 2. Nf3 Nf6 3. e5 Nd5 4. Nc3 e6 5. Nxd5 exd5 6. d4 Nc6 7. dxc5 Bxc5 8. Qxd5 d6 9. exd6 Qb6 10. Qe4+ Be6 11. Bc4 Bxf2+ 12. Ke2 O-O 13. Bxe6 Rae8 14. Ng5 Rxe6 15. Nxe6 Re8 16. Rf1 Rxe6 17. Qxe6 fxe6 18. Rxf2 Qb5+ 19. Kd2 Qd5+ 20. Ke1 Qe5+ 21. Kf1 Qxh2 22. d7 Qh1+ 23. Ke2 Qh5+ 24. Ke1 Qh1+ 25. Ke2 Qh5+ 26. Ke1 Nb8 1/2-1/2